 Dungeon Crawl Stone Soup version 0.29.0-4-gdea44cf6ec (webtiles) character file.

Game seed: 5414881418417525050

27 qw the Chopper (level 3, -5/21 HPs)
             Began as a Tengu Warper on Aug 28, 2022.
             Slain by Sigmund
             ... wielding a +0 scythe
              (7 damage)
             ... on level 2 of the Dungeon.
             The game lasted 00:00:06 (1080 turns).

qw the Chopper (Tengu Warper)                       Turns: 1080, Time: 00:00:07

Health: -5/21      AC:  9    Str: 13    XL:     3   Next: 10%
Magic:  7/7        EV:  6    Int: 13    God:
Gold:   58         SH:  0    Dex: 13    Spells: 6/6 levels left

rFire   . . .      SeeInvis .   Y - +0 hand axe
rCold   . . .      Faith    .   (no shield)
rNeg    . . .      Spirit   .   d - +0 chain mail
rPois   .          Reflect  .   (helmet restricted)
rElec   .          Harm     .   a - +0 cloak {Will+}
rCorr   +          Rampage  .   (no gloves)
Will    +....                   (boots unavailable)
Stlth   ..........              (no amulet)
HPRegen 0.07/turn               i - ring of resist corrosion
MPRegen 0.10/turn               (no ring)

@: no status effects
A: beak, talons 3
a: no special abilities


You were on level 2 of the Dungeon.
You visited 1 branch of the dungeon, and saw 2 of its levels.

You collected 58 gold pieces.


Innate Abilities, Weirdness & Mutations

You have a beak for a mouth.
You have claws for feet.


   Skills:
 - Level 2.0 Fighting
 + Level 3.8 Axes
 - Level 1.0 Throwing
 - Level 1.1 Armour
 - Level 2.1 Dodging
 - Level 2.0 Spellcasting
 - Level 2.4 Translocations


You had 6 spell levels left.
You didn't know any spells.
Your spell library contained the following spells:

 Spells                   Type           Power      Damage    Failure   Level
 Blink                    Tloc           14%        N/A       99%         2
 Gell's Gravitas          Tloc           7%         N/A       100%        3
 Lesser Beckoning         Tloc           7%         N/A       100%        3
 Teleport Other           Tloc           7%         N/A       100%        3
 Manifold Assault         Tloc           7%         N/A       100%        5

Inventory:

Hand Weapons
 e - a +0 whip
 Y - a +0 hand axe (weapon)
Armour
 a - a +0 cloak of willpower (worn)
 d - a +0 chain mail (worn)
Jewellery
 i - a ring of resist corrosion (left hand)
Potions
 b - a potion of haste {unknown}
 f - a potion of curing {unknown}
 j - a potion of attraction {unknown}
 k - a potion of ambrosia {unknown}

Dungeon Overview and Level Annotations

Branches:
Dungeon (2/15)

Altars:

Annotations:
D:2 Sigmund


Message History

You hit the jackal.
The jackal is severely wounded.
You hit the jackal. The jackal barely misses you.
The jackal bites you but does no damage.
You slash the jackal!
You kill the jackal!
You completely miss the jackal.
The jackal bites you but does no damage.
The jackal bites you.
You hit the jackal.
The jackal is almost dead.
The jackal bites you but does no damage.
The jackal barely misses you.
You hit the jackal but do no damage. You claw the jackal.
You kill the jackal!
You start resting.
HP restored.
b - a grey potion Sigmund the Dreaded comes into view.
He is wielding a +0 scythe and carrying a wand of flame (9).
Sigmund shouts!
Sigmund says, "Look into my eyes."
Sigmund hits you from afar with a +0 scythe.
Sigmund points at you and mumbles some strange words.
The puff of flame hits you.
You hit Sigmund. Your kick misses Sigmund. You peck Sigmund, but do no damage.
Sigmund is lightly wounded.
Sigmund zaps a wand.
The puff of flame hits you!
Ouch! That really hurt!
You slash Sigmund! You claw Sigmund.
Sigmund is moderately wounded.
Sigmund hits you with a +0 scythe.
You hit Sigmund.
Sigmund is heavily wounded.
Sigmund mumbles some strange words.
Sigmund flickers and vanishes!
Deactivating autopickup; reactivate with Ctrl-A.
You barely miss something. You peck something. Something hits you!
You die...

##.#.##
##.## #.#
#.# #.# #.##
#..#
#########..#
......{@...#
##########.#
#.# #.# #.#
#.# .#


There were no monsters in sight!

Vanquished Creatures
  A dart slug (D:1)
  3 endoplasms (D:1)
  2 giant cockroaches (D:1)
  4 goblins (D:1)
  A hobgoblin (D:2)
  4 jackals (D:2)
  A quokka (D:1)
  A bat (D:2)
  3 frilled lizards (D:1)
  2 kobolds (D:1)
22 creatures vanquished.

Notes
Turn   | Place    | Note
-------+----------+-------------------------------------------
     0 | D:1      | qw the Tengu Warper began the quest for the Orb.
     0 | D:1      | Reached XP level 1. HP: 12/12 MP: 4/4
     0 | D:1      | 0 ||| qw: Version: 0.1-a-89-g26bdef1
     0 | D:1      | 0 ||| qw: Game counter: 2898
     0 | D:1      | 0 ||| qw: Always use a shield: true
     0 | D:1      | 0 ||| qw: God list: Okawaru
     0 | D:1      | 0 ||| qw: Allow faded altars: false
     0 | D:1      | 0 ||| qw: Do Orc after D:15 true
     0 | D:1      | 0 ||| qw: Do second Lair branch before Depths: true
     0 | D:1      | 0 ||| qw: Lair rune preference: random
     0 | D:1      | 0 ||| qw: Plans: Normal
     0 | D:1      | 0 ||| PLANNING D:1-11
   147 | D:1      | 147 ||| DROPPING +0 club.
   183 | D:1      | Reached XP level 2. HP: 17/17 MP: 6/6
   281 | D:1      | Reached skill level 3 in Axes
   342 | D:1      | 342 ||| Stepping ~*~*~tactically~*~*~ (stealth).
   436 | D:1      | 436 ||| Stepping ~*~*~tactically~*~*~ (stealth).
   493 | D:1      | 493 ||| Stepping ~*~*~tactically~*~*~ (stealth).
   689 | D:1      | Found a faded altar of an unknown god.
   887 | D:1      | 887 ||| UPGRADING to +0 chain mail.
   897 | D:1      | 897 ||| DROPPING +0 leather armour.
   898 | D:1      | 898 ||| UPGRADING to ring of resist corrosion.
   899 | D:1      | 899 ||| READING scroll labelled SAINIG KIAPNO.
   899 | D:1      | Identified a scroll of acquirement
   899 | D:1      | 899 ||| ACQUIRING +0 cloak of willpower
   899 | D:1      | Acquired a +0 cloak of willpower
   901 | D:1      | 901 ||| UPGRADING to +0 cloak of willpower.
   906 | D:1      | 906 ||| READING scroll labelled DEROEQ JOEBO.
   907 | D:1      | 907 ||| DROPPING scroll of blinking.
   947 | D:2      | 947 ||| Stepping ~*~*~tactically~*~*~ (stealth).
   956 | D:2      | Reached XP level 3. HP: 17/21 MP: 7/7
  1074 | D:2      | Noticed Sigmund
  1077 | D:2      | HP: 4/21 [Sigmund/puff of flame (11)]
  1080 | D:2      | Slain by Sigmund

Levels and vault maps discovered:
D:1:      nagdon_arrival_zigzag_paths, layout_basic,
          shapermc_ecumenical_altar_mp_urbaneastern
D:2:      layout_loops_ring, serial_shops, shop, corexii_corridor_pit,
          st_stairs_7, uniq_sigmund

Skill      XL: |  1  2 |
---------------+-------+-----
Axes           | 3 |  3.8
Fighting       | |  2.0
Throwing       | |  1.0
Armour         | |  1.1
Dodging        | |  2.1
Spellcasting   | |  2.0
Translocations | |  2.4

Action                   || total
-------------------------++-------
Melee: Hand axe          ||    51
       Kick              ||    13
       Punch             ||     2
       Peck              ||     3
Throw: Boomerang         ||     7
  Use: Scroll            ||     2
Armor: Leather armour    ||     8
       Chain mail        ||    17
Dodge: Dodged            ||    30

Table legend:
 A = Non-vault XP
 B = Vault XP
 C = Vault XP percentage of total XP
 D = Non-vault monster count
 E = Vault monster count
 F = Vault count percentage of total count
                 A         B        C        D         E       F
            +---------+---------+-------+---------+---------+-------
      Total |      39 |       0 |   0.0 |      22 |       0 |   0.0
            +---------+---------+-------+---------+---------+-------
        D:1 |      28 |       0 |   0.0 |      16 |       0 |   0.0
        D:2 |      11 |       0 |   0.0 |       6 |       0 |   0.0
            +---------+---------+-------+---------+---------+-------
